 Dungeon Crawl Stone Soup version 0.27.1 (webtiles) character file.

Game seed: 13484614033401951817

70 ZARRMARR the Chiller (level 4, 0/33 HPs)
             Began as a Ghoul Ice Elementalist on Aug 24, 2021.
             Slain by a necrophage (5 damage)
             ... on level 4 of the Dungeon.
             The game lasted 00:09:53 (2961 turns).

ZARRMARR the Chiller (Ghoul Ice Elementalist)       Turns: 2961, Time: 00:09:53

Health: 0/33       AC:  2    Str: 11    XL:     4   Next: 22%
Magic:  4/7        EV: 12    Int: 11    God:
Gold:   145        SH:  0    Dex:  9    Spells: 7/8 levels left

rFire    + . .     SeeInvis .   (no weapon)
rCold    + + .     Faith    .   (no shield)
rNeg     + + +     Spirit   .   a - +0 robe
rPois    ∞         Reflect  .   (no helmet)
rElec    +         Harm     .   (no cloak)
rCorr    +         Rampage  .   (no gloves)
Will     .....                  (no boots)
Stlth    ++........             (no amulet)
HPRegen  0.00/turn              (no ring)
MPRegen  0.10/turn              (no ring)

@: resistant, inhibited regen
A: claws 1, cold resistance 1, negative energy resistance 3, inhibited
regeneration, torment resistance 2
a: no special abilities


You were on level 4 of the Dungeon.
You visited 1 branch of the dungeon, and saw 4 of its levels.

You collected 145 gold pieces.

Inventory:

Armour
 a - a +0 robe (worn)
Jewellery
 f - an amulet of faith
Wands
 c - a wand of iceblast (12)
Scrolls
 g - a scroll of amnesia
 h - a scroll of teleportation {unknown}
 i - a scroll of vulnerability {unknown}
Potions
 b - a potion of curing
 e - a potion of haste {unknown}


   Skills:
 - Level 1.7 Dodging
 + Level 2.3 Stealth
 + Level 0.6 Unarmed Combat
 + Level 2.7 Spellcasting
 + Level 5.3 Ice Magic


You had 7 spell levels left.
You knew the following spells:

 Your Spells              Type           Power      Damage    Failure   Level
a - Freeze                Ice            52%        1d7       3%          1

Your spell library contained the following spells:

 Spells                   Type           Power      Damage    Failure   Level
 Frozen Ramparts          Ice            26%        1d4       10%         3
 Ozocubu's Armour         Ice            13%        N/A       10%         3
 Hailstorm                Conj/Ice       7%         3d4       65%         4


Dungeon Overview and Level Annotations

Branches:
Dungeon (4/15)
 Temple: D:4-7

Altars:


Innate Abilities, Weirdness & Mutations

You thrive by killing the living.
You are immune to poison.
You have sharp fingernails.
Your flesh is cold resistant. (rC+)
You are immune to negative energy. (rN+++)
You do not regenerate when monsters are visible.
You are immune to unholy pain and torment.


Message History

You barely miss the necrophage.
The necrophage is moderately damaged.
The necrophage hits you.
You scratch the necrophage but do no damage.
The necrophage is moderately damaged.
The necrophage misses you.
You scratch the necrophage but do no damage.
The necrophage is moderately damaged.
The necrophage hits you.
You scratch the necrophage.
The necrophage is heavily damaged.
The necrophage hits you.
You scratch the necrophage but do no damage.
The necrophage is heavily damaged.
The necrophage misses you.
You closely miss the necrophage.
The necrophage is heavily damaged.
The necrophage hits you but does no damage.
You scratch the necrophage.
The necrophage is heavily damaged.
The necrophage barely misses you.
You scratch the necrophage. Your claw misses the necrophage.
The necrophage is severely damaged.
The necrophage misses you.
You scratch the necrophage.
The necrophage is severely damaged.
The necrophage hits you.
* * * LOW HITPOINT WARNING * * *
You scratch the necrophage but do no damage.
The necrophage is severely damaged.
It was a potion of resistance.
You feel protected.
The necrophage hits you but does no damage.
You barely miss the necrophage.
The necrophage is severely damaged.
The necrophage hits you but does no damage.
You scratch the necrophage.
The necrophage is severely damaged.
The necrophage hits you.
You die...

#.##+#
.#... .
..⌠.## ⌠.
....# ...
#...## ...#
#....#....#
#.......#
#.@.⌠.<.#
#.n.....#
#....#....#
#...## ...#
....# ...
..⌠.## ⌠.
.#..) .
#.##+#


You could see a necrophage.

Vanquished Creatures
  An adder (D:2)
  2 dart slugs (D:3)
  2 ball pythons
  8 endoplasms
  A giant cockroach (D:1)
  5 goblins
  7 hobgoblins
  3 jackals (D:1)
  4 kobolds
  3 quokkas
  5 bats
  A frilled lizard (D:2)
  9 rats
51 creatures vanquished.

Notes
Turn   | Place    | Note
-------+----------+-------------------------------------------
     0 | D:1      | ZARRMARR the Ghoul Ice Elementalist began the quest for the
                  | Orb.
     0 | D:1      | Reached XP level 1. HP: 14/14 MP: 2/2
   209 | D:1      | Reached XP level 2. HP: 20/20 MP: 0/4
   561 | D:1      | Reached XP level 3. HP: 26/26 MP: 3/5
   665 | D:1      | Reached skill level 5 in Ice Magic
  1779 | D:2      | Reached XP level 4. HP: 33/33 MP: 4/6
  2761 | D:3      | Found a faded altar of an unknown god.
  2932 | D:4      | Noticed a necrophage
  2961 | D:4      | Slain by a necrophage

Illustrated notes

Levels and vault maps discovered:
D:1:      nagdon_arrival_double_spiral, layout_rooms
D:2:      layout_basic, minivault_4
D:3:      layout_basic, shapermc_ecumenical_altar_notcrosses
D:4:      layout_cave_pools, chequers_ossuary_entry_cave,
          hangedman_decor_clover_reticule, kennysheep_cross_bottleneck,
          grunt_ministairs_13, chequers_serial_rivers_large_a, uniq_pikel,
          uniq_menkaure, uniq_sigmund, uniq_robin

Skill      XL: |  1  2  3 |
---------------+----------+-----
Spellcasting   | 2 |  2.7
Ice Magic      | 5 |  5.3
Dodging        | |  1.7
Stealth        | |  2.3
Unarmed Combat | |  0.6

Action                   |  1- 3 |  4- 6 || total
-------------------------+-------+-------++-------
Melee: Unarmed           |    50 |    24 ||    74
 Cast: Freeze            |    47 |    17 ||    64
  Use: Scroll            |     2 |       ||     2
       Potion            |       |     1 ||     1
 Stab: Sleeping          |     3 |     1 ||     4
Armor: Robe              |    11 |     4 ||    15
Dodge: Dodged            |    45 |    17 ||    62
